[Event "Titled Tuesday Blitz February 28 Late 2023"]
[White "Golubka, Petro"]
[Black "Svane, Rasmus"]
[WhiteFideId "14114224"]
[BlackFideId "4657101"]
[WhiteElo "2404"]
[BlackElo "2597"]
[Result "0-1"]
[Round "03"]
[TimeControl "180+2"]
[Date "2023.02.28"]
[WhiteClock "0:00:28"]
[BlackClock "0:00:07"]

1. e4 c6 2. d3 d5 3. Nf3 dxe4 4. dxe4 Qxd1+ 5. Kxd1 Nf6 6. Nfd2 g5 7. f3 h5 8. Nc4 g4 9. Bf4 h4 10. Nbd2 h3 11. Ke2 Na6 12. a4 Nc5 13. b4 Ne6 14. Be3 Bh6 15. Bxh6 Rxh6 16. Ke3 hxg2 17. Bxg2 gxf3 18. Bxf3 Ng5 19. Ne5 Be6 20. h4 Nxf3 21. Ndxf3 Rd8 22. a5 Ng4+ 23. Nxg4 Bxg4 24. Ne5 Bh5 25. a6 b6 26. Rhg1 Kf8 27. Raf1 Rdd6 28. Rf4 f6 29. Nd3 Bf7 30. Rgf1 Ke8 31. e5 Re6 32. Kd2 Bh5 33. exf6 Rhxf6 34. Rf5 Rxf5 35. Rxf5 Re2+ 36. Kc3 Bg6 37. Rg5 Bxd3 38. Kxd3 Rh2 39. Rg8+ Kd7 40. Ra8 Rh3+ 41. Kd2 Rxh4 42. Rxa7+ Kd6 43. Kc3 Rh1 44. Kb2 Rh4 45. c3 Rh2+ 46. Kb3 Rh1 47. Rb7 b5 48. a7 Ra1 49. Kb2 Ra6 50. Kc2 e6 51. Kd3 Ke5 52. Ke3 Ra3 53. Kd2 Ke4 54. Kc2 e5 55. Kb2 Ra4 56. Kb3 Ra6 57. c4 bxc4+ 58. Kxc4 Ke3 59. Kc5 e4 60. Kd6 Kd3 61. Kc7 e3 62. Kb8 e2 63. Rd7+ Kc3 64. Re7 Kxb4 65. a8=Q Rxa8+ 66. Kxa8 c5 67. Kb7 c4 68. Kc6 c3 69. Re4+ Kb3 70. Kd5 c2 71. Re3+ Kb4 72. Re4+ Kb5 73. Rxe2 c1=Q 74. Re4 Qd1+ 75. Rd4 Qf3+ 76. Re4 Qd3+ 77. Ke5 Kc5 78. Rf4 Qe3+ 79. Kf5 Kd5 80. Rg4 Qf3+ 81. Kg5 Ke5 82. Kh4 Qh1+ 83. Kg5 Qh2 84. Rh4 Qd2+ 85. Kg4 Qg2+ 86. Kh5 Kf5 0-1


[Site "https://www.chess.com"]

[Event "Titled Tuesday Blitz February 28 Late 2023"]
[White "Yoo, Christopher Woojin"]
[Black "Bashirli, Nail"]
[WhiteFideId "30909694"]
[BlackFideId "13406809"]
[WhiteElo "2519"]
[BlackElo "2336"]
[Result "0-1"]
[Round "03"]
[TimeControl "180+2"]
[Date "2023.02.28"]
[WhiteClock "0:00:02"]
[BlackClock "0:00:22"]

1. e4 Nf6 2. e5 Nd5 3. d4 d6 4. Nf3 Nb6 5. a4 a5 6. Bb5+ c6 7. Bd3 g6 8. O-O Bg7 9. exd6 Qxd6 10. b3 O-O 11. Ba3 Qc7 12. Re1 Re8 13. Nbd2 Bg4 14. h3 Bxf3 15. Nxf3 N8d7 16. Bxe7 Nd5 17. Bh4 Qb6 18. Bc4 Rxe1+ 19. Qxe1 N7f6 20. Bxf6 Nxf6 21. Qe7 Rf8 22. Re1 Nd5 23. Qe4 Rd8 24. Bxd5 Rxd5 25. Qe8+ Bf8 26. Re7 Rf5 27. Rd7 Qb4 28. Rd8 Kg7 29. c3 Qa3 30. Qe3 Qxb3 31. g4 Rf6 32. Ne5 Bd6 33. g5 Re6 34. Qf3 Qb1+ 35. Kg2 Qf5 36. Qxf5 gxf5 37. Nc4 Be7 38. Rd7 b5 39. axb5 cxb5 40. Nxa5 Bxg5 41. Rd5 Bd2 42. Rxf5 Bxc3 43. Rxb5 Bxd4 0-1


[Site "https://www.chess.com"]

[Event "Titled Tuesday Blitz February 28 Late 2023"]
[White "Grinev, Valeriy"]
[Black "Sarana, Alexey"]
[WhiteFideId "14117517"]
[BlackFideId "24133795"]
[WhiteElo "2365"]
[BlackElo "2717"]
[Result "0-1"]
[Round "03"]
[TimeControl "180+2"]
[Date "2023.02.28"]
[WhiteClock "0:00:12"]
[BlackClock "0:00:40"]

1. d4 Nf6 2. c4 e6 3. Nc3 Bb4 4. e3 O-O 5. Bd3 d5 6. Nf3 Nbd7 7. cxd5 exd5 8. O-O c6 9. Ne5 Nxe5 10. dxe5 Ng4 11. f4 d4 12. Ne4 dxe3 13. h3 Bf5 14. Qe2 Qd4 15. hxg4 Bxe4 16. Bxe4 Qxe4 17. Qxe3 Qc4 18. b3 Qc2 19. Rf2 Qd1+ 20. Kh2 Qxg4 21. Rf3 Rad8 22. a3 Be7 23. Bb2 Rd5 24. Rg3 Qh5+ 25. Rh3 Qf5 26. Rg1 Rfd8 27. g4 Qc2+ 28. Rg2 Rd2 29. Rg3 Qxb2 30. f5 Bh4 31. e6 Bxg3+ 0-1


[Site "https://www.chess.com"]

[Event "Titled Tuesday Blitz February 28 Late 2023"]
[White "Alekseenko, Kirill"]
[Black "EREBUNI91"]
[WhiteFideId "4135539"]
[WhiteElo "2683"]
[BlackElo "2717"]
[Result "1-0"]
[Round "03"]
[TimeControl "180+2"]
[Date "2023.02.28"]
[WhiteClock "0:00:29"]
[BlackClock "0:00:02"]

1. d4 Nf6 2. Nc3 d5 3. Bf4 a6 4. e3 c5 5. dxc5 Nc6 6. a3 e5 7. Bg5 Be6 8. b4 Be7 9. Nf3 O-O 10. Be2 d4 11. Bxf6 Bxf6 12. Ne4 Be7 13. O-O f5 14. Ng3 Bf6 15. exd4 e4 16. c3 exf3 17. Bxf3 Bd5 18. Nxf5 Bxf3 19. Qxf3 Bxd4 20. Qg4 Bf6 21. Rad1 Qc8 22. Rd7 g6 23. Nd6 Qb8 24. Rxb7 Qd8 25. Rd7 Ne5 26. Qe6+ Kh8 27. Rxd8 Raxd8 28. f4 1-0


[Site "https://www.chess.com"]

[Event "Titled Tuesday Blitz February 28 Late 2023"]
[White "Salimova, Nurgyul"]
[Black "Makarian, Rudik"]
[WhiteFideId "2915138"]
[BlackFideId "44105681"]
[WhiteElo "2314"]
[BlackElo "2419"]
[Result "1-0"]
[Round "03"]
[TimeControl "180+2"]
[Date "2023.02.28"]
[WhiteClock "0:00:04"]
[BlackClock "0:00:02"]

1. d4 Nf6 2. Nf3 c5 3. c3 d5 4. Bf4 Nc6 5. e3 Qb6 6. Qc1 Bf5 7. Nbd2 e6 8. Be2 Rc8 9. O-O h6 10. Bd1 cxd4 11. exd4 Be7 12. Nb3 O-O 13. Bc2 Ne4 14. a4 Na5 15. Nxa5 Qxa5 16. Ne5 Qd8 17. f3 Nd6 18. Bxf5 exf5 19. Qd2 Bf6 20. Rae1 Re8 21. Nd3 Nc4 22. Qf2 Qd7 23. b3 Na5 24. Nc5 Qc6 25. b4 Nc4 26. b5 Qb6 27. Nd7 Rxe1 28. Nxb6 Rxf1+ 29. Qxf1 axb6 30. Qe2 Ra8 31. Qd3 Rxa4 32. Qxf5 Ra1+ 33. Kf2 Ra2+ 34. Kg3 Rb2 35. Qxd5 Na3 36. Qxb7 Nc2 37. Qxb6 Ne1 38. Qb8+ Kh7 39. Kh3 Nxg2 40. Bg3 Ne3 41. Qe8 Nf5 42. Qe4 g6 43. c4 Bxd4 44. Qd5 Kg7 45. Be5+ f6 46. Bxd4 Rd2 47. Bxf6+ 1-0


[Site "https://www.chess.com"]

[Event "Titled Tuesday Blitz February 28 Late 2023"]
[White "Sjugirov, Sanan"]
[Black "Tan, Zhongyi"]
[WhiteFideId "4189302"]
[BlackFideId "8603642"]
[WhiteElo "2569"]
[BlackElo "2519"]
[Result "1/2-1/2"]
[Round "03"]
[TimeControl "180+2"]
[Date "2023.02.28"]
[WhiteClock "0:00:04"]
[BlackClock "0:00:04"]

1. Nf3 d5 2. g3 c5 3. Bg2 Nc6 4. d4 Nf6 5. dxc5 e5 6. Bg5 Bxc5 7. Bxf6 gxf6 8. O-O Be6 9. e3 Qb6 10. Nc3 Qxb2 11. Nxd5 O-O-O 12. c4 e4 13. Nd2 f5 14. Nb3 Ba3 15. Qh5 Kb8 16. Rfd1 Qc2 17. Bf1 Ne5 18. Nd4 Qa4 19. Rab1 Bc5 20. Nxf5 Nf3+ 21. Kh1 Qxa2 22. Kg2 Rhg8 23. Nh4 Bg4 24. Qxf7 Nxh4+ 25. Kh1 b6 26. Qf4+ Ka8 27. Nc7+ Kb7 28. Nb5 Bf3+ 29. Kg1 Bxd1 30. Qc7+ Ka8 31. Qc6+ Kb8 32. Qc7+ Ka8 33. Qc6+ Kb8 34. Qc7+ Ka8 1/2-1/2


[Site "https://www.chess.com"]

[Event "Titled Tuesday Blitz February 28 Late 2023"]
[White "Kamsky, Gata"]
[Black "Siddharth, Jagadeesh"]
[WhiteFideId "2000024"]
[BlackFideId "5818320"]
[WhiteElo "2666"]
[BlackElo "2303"]
[Result "1/2-1/2"]
[Round "03"]
[TimeControl "180+2"]
[Date "2023.02.28"]
[WhiteClock "0:00:08"]
[BlackClock "0:00:04"]

1. d4 Nf6 2. Bf4 d5 3. e3 e6 4. Nf3 c5 5. c3 Bd6 6. Bb5+ Nc6 7. Bxc6+ bxc6 8. Bxd6 Qxd6 9. Qa4 O-O 10. Qa3 Ne4 11. Nbd2 cxd4 12. Qxd6 Nxd6 13. cxd4 Ba6 14. Nb3 Ne4 15. Nfd2 Nxd2 16. Kxd2 Rab8 17. Rhb1 f6 18. Nc5 Bc8 19. b4 e5 20. Rb3 Re8 21. Rc1 Bf5 22. f3 Re7 23. Kc3 Rbe8 24. Ra3 Bc8 25. Rd1 g5 26. Rd2 Kf7 27. Rd3 Kg6 28. Rb3 Bf5 29. Rd2 e4 30. fxe4 Bxe4 31. Rf2 h5 32. Kd2 Bf5 33. a4 Bc8 34. b5 cxb5 35. axb5 h4 36. Ra3 f5 37. Rb3 Kh5 38. Rf3 f4 39. h3 fxe3+ 40. Rbxe3 Rxe3 41. Rxe3 Rxe3 42. Kxe3 g4 43. Nd3 Kg5 44. Nf4 gxh3 45. gxh3 Bd7 46. Nxd5 Bxh3 47. Ne7 Bd7 48. Nc6 h3 49. Kf3 Kf5 50. d5 h2 51. Kg2 Ke4 52. Kxh2 Kxd5 53. Nxa7 Bxb5 1/2-1/2


[Site "https://www.chess.com"]

[Event "Titled Tuesday Blitz February 28 Late 2023"]
[White "Wieczorek, Oskar"]
[Black "Van Foreest, Jorden"]
[WhiteFideId "1133950"]
[BlackFideId "1039784"]
[WhiteElo "2418"]
[BlackElo "2633"]
[Result "1-0"]
[Round "03"]
[TimeControl "180+2"]
[Date "2023.02.28"]
[WhiteClock "0:00:07"]
[BlackClock "0:00:02"]

1. e4 e5 2. Nf3 Nc6 3. Nc3 Nf6 4. h3 g6 5. Bc4 Bg7 6. d3 d6 7. a4 h6 8. a5 a6 9. O-O O-O 10. Be3 Re8 11. Re1 Be6 12. Bxe6 Rxe6 13. Nd5 Re8 14. c4 Nb8 15. Nxf6+ Qxf6 16. Qb3 Nd7 17. Qxb7 Rec8 18. Qc6 Qe7 19. b4 f5 20. exf5 gxf5 21. d4 e4 22. Nh4 Qf7 23. g3 Nf8 24. Qd5 Qxd5 25. cxd5 Rcb8 26. Rab1 Rb5 27. Nxf5 Kh7 28. Rec1 Ra7 29. Nxg7 Kxg7 30. Rc6 Ng6 31. Rbc1 Rbb7 32. b5 Rxb5 33. Rxc7+ Rxc7 34. Rxc7+ Kf6 35. Rc6 Rxd5 36. Rxa6 h5 37. h4 Ne7 38. Bf4 Nf5 39. Ra8 Nxd4 40. Be3 Nf3+ 41. Kg2 Rd1 42. a6 Rg1+ 43. Kh3 Rh1+ 44. Kg2 Rh2+ 45. Kf1 d5 46. a7 Rh1+ 47. Kg2 Rg1+ 48. Kh3 Ne1 49. Rf8+ Kg6 50. Kh2 Rg2+ 51. Kh1 1-0


[Site "https://www.chess.com"]

[Event "Titled Tuesday Blitz February 28 Late 2023"]
[White "Abdrlauf, Elham"]
[Black "Jaracz, Pawel"]
[WhiteFideId "1533533"]
[BlackFideId "1102222"]
[WhiteElo "2476"]
[BlackElo "2438"]
[Result "1-0"]
[Round "03"]
[TimeControl "180+2"]
[Date "2023.02.28"]
[WhiteClock "0:00:52"]
[BlackClock "0:00:19"]

1. e4 c6 2. d4 d5 3. Nc3 dxe4 4. Nxe4 h6 5. Nf3 Bf5 6. Bd3 e6 7. O-O Nd7 8. Re1 Qc7 9. c4 Bxe4 10. Bxe4 Ngf6 11. Bc2 Bb4 12. Bd2 Bxd2 13. Qxd2 O-O 14. Rad1 Rad8 15. Qe3 Qa5 16. a3 Rfe8 17. h3 Qb6 18. b4 a5 19. Rb1 axb4 20. Rxb4 Qc7 21. Reb1 b6 22. Ne5 c5 23. Nxd7 Nxd7 24. dxc5 Qxc5 25. Qxc5 bxc5 26. Rb7 Ne5 27. Ba4 Rf8 28. Bb5 Rd2 29. Ra1 Ra8 30. a4 Ra5 31. Rc7 Kh7 32. Rxc5 Nd3 33. Rc7 f5 34. Rd7 e5 35. c5 e4 36. c6 Rc2 37. Rf1 Nc5 38. Rb7 Nxa4 39. Ra1 Rxb5 40. Rxb5 Nc3 41. Rxf5 Ne2+ 42. Kf1 Nd4 43. Re5 Rxc6 44. Rxe4 Nb3 45. Rd1 Rc3 46. Re3 1-0


[Site "https://www.chess.com"]

[Event "Titled Tuesday Blitz February 28 Late 2023"]
[White "Adewumi, Tanitoluwa"]
[Black "Rustemov, Alexander"]
[WhiteFideId "30966396"]
[BlackFideId "4119002"]
[WhiteElo "2677"]
[BlackElo "2913"]
[Result "0-1"]
[Round "03"]
[TimeControl "180+2"]
[Date "2023.02.28"]
[WhiteClock "0:00:04"]
[BlackClock "0:00:25"]

1. e4 e6 2. d4 d5 3. exd5 exd5 4. Nf3 Bf5 5. Bd3 Bxd3 6. Qxd3 Nc6 7. O-O Bd6 8. Nc3 Nge7 9. Nb5 a6 10. Nxd6+ Qxd6 11. c3 Qg6 12. Qe2 O-O 13. Ne5 Qe6 14. Re1 Rae8 15. Nd3 Qxe2 16. Rxe2 Ng6 17. Kf1 Rxe2 18. Kxe2 Re8+ 19. Kf1 b6 20. f3 f6 21. Kf2 Kf7 22. Nf4 Nxf4 23. Bxf4 Rc8 24. Re1 Nd8 25. Bg3 Ne6 26. f4 g6 27. Kf3 f5 28. Re5 c6 29. Bh4 Re8 30. h3 Nf8 31. Bf6 Nd7 32. Rxe8 Kxe8 33. Be5 Ke7 34. Bc7 Ke6 35. b3 b5 36. Bd8 c5 37. Ke3 c4 38. b4 Nb8 39. a3 Nc6 40. Bg5 Kf7 41. Kf3 Nb8 42. Bd8 Nd7 43. Ke3 Ke8 44. Bg5 Nb6 45. Kd2 Na4 46. Kc2 Kd7 47. Bh6 Nb6 48. Bg7 Nc8 49. Be5 Ne7 50. Kd2 Ke6 51. Kc2 Kf7 52. Kd2 h6 53. g3 Nc8 54. Kc2 Nb6 55. Kd2 Na4 56. Kc2 g5 57. Bc7 Kg6 58. Be5 Kh5 59. Bd6 Nb6 60. Kd2 Nd7 61. Be5 Nf8 62. Ke3 Ng6 63. Kf3 g4+ 64. Kg2 gxh3+ 65. Kxh3 Ne7 66. Bf6 Nc8 67. Bd8 Nd6 68. Kg2 Ne4 0-1


[Site "https://www.chess.com"]

[Event "Titled Tuesday Blitz February 28 Late 2023"]
[White "Matinian, Nikita"]
[Black "Svane, Frederik"]
[WhiteFideId "24129100"]
[BlackFideId "12923044"]
[WhiteElo "2422"]
[BlackElo "2502"]
[Result "0-1"]
[Round "03"]
[TimeControl "180+2"]
[Date "2023.02.28"]
[WhiteClock "0:00:01"]
[BlackClock "0:00:07"]

1. e4 c5 2. Nf3 e6 3. d4 cxd4 4. Nxd4 Nc6 5. Nc3 a6 6. Be3 Nf6 7. Qf3 Bb4 8. Bd3 O-O 9. Nxc6 bxc6 10. O-O-O Bxc3 11. bxc3 Qa5 12. Kd2 Bb7 13. h4 d5 14. e5 Ne4+ 15. Bxe4 dxe4 16. Qxe4 Rfd8+ 17. Ke2 Qxc3 18. Rb1 Rd7 19. Rb3 Qa5 20. Rhb1 Bc8 21. Qxc6 Qd5 22. Qxd5 exd5 23. Rb8 Rxb8 24. Rxb8 Rc7 25. Kd2 h6 26. c3 Kh7 27. f3 Rc4 28. Bd4 Be6 29. g4 Ra4 30. Rb2 h5 31. gxh5 Kh6 32. Ke3 Kxh5 33. Rg2 g6 34. Rh2 Ra5 35. Kf4 Rb5 36. Rg2 Rb1 37. Rg5+ Kxh4 38. Bf2+ Kh3 39. Rg3+ Kh2 40. Bd4 Rb2 41. Rg1 Rxa2 42. Rb1 a5 43. Kg5 Kg3 44. f4 a4 45. Rb6 Kf3 46. Rxe6 fxe6 47. Kxg6 a3 48. Kf6 Rd2 49. f5 a2 50. fxe6 a1=Q 51. e7 Qa4 52. Kf7 Rh2 53. e6 Rh7+ 54. Kf8 Qa3 0-1


[Site "https://www.chess.com"]

[Event "Titled Tuesday Blitz February 28 Late 2023"]
[White "Lewtak, Damian"]
[Black "Swiercz, Dariusz"]
[WhiteFideId "1141724"]
[BlackFideId "1126881"]
[WhiteElo "2302"]
[BlackElo "2627"]
[Result "0-1"]
[Round "03"]
[TimeControl "180+2"]
[Date "2023.02.28"]
[WhiteClock "0:00:05"]
[BlackClock "0:00:08"]

1. e4 c5 2. Nf3 Nc6 3. Bb5 g6 4. O-O Bg7 5. c3 Nf6 6. Qe2 O-O 7. d4 cxd4 8. cxd4 d5 9. e5 Ne4 10. h3 Qb6 11. Be3 Bd7 12. Na3 Rac8 13. Rac1 a6 14. Bd3 Nb4 15. Bb1 Rc6 16. Rxc6 bxc6 17. Nd2 Nxd2 18. Qxd2 a5 19. Nc2 Nxc2 20. Qxc2 Bf5 21. Qc3 Bxb1 22. Rxb1 Rb8 23. b3 e6 24. Rc1 Rc8 25. Qc5 Qa6 26. Bd2 a4 27. b4 Bf8 28. Qc3 a3 29. Rb1 Rb8 30. g3 h5 31. h4 Qe2 32. Re1 Qb5 33. Rb1 Qa6 34. Rb3 Qe2 35. Qd3 Qd1+ 36. Kg2 Ra8 37. Qc3 Ra6 38. Be3 Qe2 39. Rxa3 Rxa3 40. Qxa3 Qb5 41. Bd2 Qe2 42. Qc3 Qe4+ 43. Kg1 Qb1+ 44. Kg2 Qxa2 45. Bg5 Qa6 46. Bd2 Qb5 47. Be1 Be7 48. Bd2 Kf8 49. Kg1 Ke8 50. Kg2 Kd7 51. Qa3 Qb7 52. Kg1 Bd8 53. Bg5 Bb6 54. Be3 Bc7 55. Qc3 Bd8 56. Bd2 Be7 57. Kg2 Qa6 58. Kg1 Qa2 59. Kg2 Qa4 60. Kg1 Qd1+ 61. Kg2 Qe2 62. Be3 Qc4 63. Qxc4 dxc4 64. Bd2 Kc7 65. Kf3 Kb6 66. Kf4 Kb5 67. g4 Bxh4 68. f3 Be7 69. gxh5 gxh5 0-1


[Site "https://www.chess.com"]

[Event "Titled Tuesday Blitz February 28 Late 2023"]
[White "Rasulov, Vugar"]
[Black "Caspi, Israel"]
[WhiteFideId "13402390"]
[BlackFideId "2807394"]
[WhiteElo "2509"]
[BlackElo "2419"]
[Result "1-0"]
[Round "03"]
[TimeControl "180+2"]
[Date "2023.02.28"]
[WhiteClock "0:00:21"]
[BlackClock "0:00:22"]

1. c4 e6 2. Nc3 Bb4 3. Nf3 Nf6 4. g3 c5 5. Bg2 O-O 6. O-O Nc6 7. Na4 d6 8. d4 cxd4 9. Nxd4 Nxd4 10. Qxd4 Bd7 11. c5 Qa5 12. a3 dxc5 13. axb4 Qxa4 14. Rxa4 cxd4 15. Ra5 Bc6 16. Bxc6 bxc6 17. Rd1 Rfd8 18. Bf4 Rd7 19. Ra6 Rc8 20. Be5 Rd5 21. Bxf6 gxf6 22. Rxa7 e5 23. Rc1 Rb5 24. Rc4 Kg7 25. Ra5 Rcb8 26. Rxb5 Rxb5 27. Kf1 Kg6 28. Ke1 h5 29. Kd2 Kf5 30. f3 Rb6 31. Kc2 Ke6 32. Kb3 f5 33. Rc5 f6 34. Kc4 Kd6 35. Ra5 Rb7 36. Ra8 h4 37. Rd8+ Ke6 38. Re8+ Kd6 39. Rf8 hxg3 40. hxg3 Ke6 41. Rg8 Rd7 42. Kc5 d3 43. exd3 Rxd3 44. Kxc6 Rxf3 45. b5 Rb3 46. b6 Rxb2 47. b7 f4 48. gxf4 exf4 49. b8=Q Rc2+ 50. Kb5 Rb2+ 51. Kc4 Rxb8 52. Rxb8 Kf5 53. Kd3 Kg4 54. Ke2 Kg3 55. Rg8+ Kh2 56. Kf3 f5 57. Kxf4 Kh3 58. Kxf5 Kh2 59. Kf4 Kh3 60. Rg7 Kh2 61. Kf3 Kh1 62. Kf2 Kh2 63. Rh7# 1-0


[Site "https://www.chess.com"]

[Event "Titled Tuesday Blitz February 28 Late 2023"]
[White "Skvortsov, Andrei"]
[Black "Chigaev, Maksim"]
[WhiteFideId "24108600"]
[BlackFideId "4108116"]
[WhiteElo "2259"]
[BlackElo "2547"]
[Result "0-1"]
[Round "03"]
[TimeControl "180+2"]
[Date "2023.02.28"]
[WhiteClock "0:00:08"]
[BlackClock "0:00:09"]

1. e4 c5 2. d4 cxd4 3. Qxd4 Nc6 4. Qd3 g6 5. Nc3 Bg7 6. Nf3 d6 7. Be2 Nf6 8. O-O Bg4 9. Nd5 Nd7 10. c3 O-O 11. Rd1 Rc8 12. Bg5 Re8 13. Qe3 Bxf3 14. Bxf3 a6 15. Be2 Nce5 16. Qg3 Nb6 17. Ne3 Na4 18. Rab1 h6 19. Bf4 Nc5 20. f3 Ne6 21. Nd5 Nxf4 22. Nxf4 h5 23. Qf2 Bh6 24. Nd3 Nc4 25. f4 Qb6 26. Qxb6 Nxb6 27. g3 e5 28. fxe5 dxe5 29. Nb4 Kg7 30. Nd5 Na4 31. Bd3 b5 32. Kg2 Red8 33. Bc2 Nc5 34. Kf3 Rd6 35. Ke2 Rcd8 36. Ne3 Rxd1 37. Rxd1 Rxd1 38. Nxd1 Kf6 39. Nf2 Ke6 40. b4 Nd7 41. Bb3+ Ke7 42. Nd3 f5 43. Nf2 Nf6 44. Kf3 Bd2 45. c4 Bxb4 46. cxb5 axb5 47. Bc2 Ke6 48. h3 Bc5 49. exf5+ gxf5 50. Nd1 e4+ 51. Ke2 Ke5 52. Nc3 b4 53. Na4 Bd4 54. Bd1 h4 55. gxh4 f4 56. Kf1 f3 57. Ke1 Kf4 58. Kf1 Nh5 0-1


[Site "https://www.chess.com"]

[Event "Titled Tuesday Blitz February 28 Late 2023"]
[White "Livaic, Leon"]
[Black "Fiorito, Joaquin"]
[WhiteFideId "14531534"]
[BlackFideId "180173"]
[WhiteElo "2509"]
[BlackElo "2157"]
[Result "1-0"]
[Round "03"]
[TimeControl "180+2"]
[Date "2023.02.28"]
[WhiteClock "0:00:05"]
[BlackClock "0:00:05"]

1. Nf3 d5 2. g3 Nf6 3. Bg2 Bf5 4. O-O e6 5. c4 c6 6. d3 dxc4 7. dxc4 Qxd1 8. Rxd1 Bc2 9. Re1 Bg6 10. Nc3 Nbd7 11. b3 Bb4 12. Bb2 O-O-O 13. a3 Be7 14. b4 Nb6 15. Ne5 Nfd7 16. Nxg6 hxg6 17. c5 Nc4 18. Ra2 Bf6 19. Ba1 Nde5 20. Ne4 Ng4 21. Nxf6 Nxf6 22. Rc1 Rd2 23. Rxd2 Nxd2 24. Bb2 Rd8 25. f3 Nb3 26. Rc3 Nd4 27. Kf2 Nb5 28. Rc2 Rd1 29. e4 Nd4 30. Bxd4 Rxd4 31. h4 Rd1 32. Bf1 Ra1 33. Rc3 Nd7 34. Be2 Nf6 35. Ke3 Rg1 36. Kf2 Ra1 37. b5 cxb5 38. Bxb5 a6 39. Be2 Kc7 40. Ke3 Rg1 41. Kf2 Ra1 42. c6 b5 43. Ke3 Rg1 44. g4 Rh1 45. a4 bxa4 46. Bxa6 Rh3 47. g5 Ne8 48. Bb5 Nd6 49. Bxa4 Rxh4 50. Bc2 Rh1 51. e5 Nb5 52. Rc5 Na7 53. Be4 Ra1 54. Rc3 Ra6 55. Rc1 Nxc6 56. Kf4 Kd7 57. Rd1+ Ke7 58. Rd6 Nb4 59. Rd4 Rb6 60. Rd2 Nc6 61. Rd6 f6 62. gxf6+ gxf6 63. Rxc6 Rb4 64. exf6+ Kxf6 65. Rc8 g5+ 66. Kg4 Rb2 67. Rf8+ Ke5 68. Kxg5 Rg2+ 69. Kh6 Rh2+ 70. Kg7 Kd6 71. Rf6 Ke7 72. Rg6 Rf2 73. Rg4 Rc2 74. Bxc2 1-0


[Site "https://www.chess.com"]

[Event "Titled Tuesday Blitz February 28 Late 2023"]
[White "Indjic, Aleksandar"]
[Black "Gubajdullin, Alexei"]
[WhiteFideId "911925"]
[BlackFideId "4141202"]
[WhiteElo "2625"]
[BlackElo "2285"]
[Result "1-0"]
[Round "03"]
[TimeControl "180+2"]
[Date "2023.02.28"]
[WhiteClock "0:01:36"]
[BlackClock "0:00:01"]

1. d4 Nf6 2. c4 g6 3. Nc3 Bg7 4. Nf3 d6 5. h3 O-O 6. g4 c5 7. d5 e6 8. Bg2 exd5 9. cxd5 Re8 10. Nd2 Na6 11. Nc4 Nc7 12. Bf4 Bf8 13. a4 b6 14. Qb3 Ba6 15. Na3 h5 16. g5 Nd7 17. Nab5 Ne5 18. O-O Qd7 19. Bg3 Bxb5 20. axb5 Qf5 21. f4 c4 22. Qd1 Nd3 23. exd3 cxd3 24. Rf3 a6 25. Qxd3 Qxd3 26. Rxd3 axb5 27. Rxa8 Rxa8 28. Ne4 Ra1+ 29. Kh2 b4 30. Nf6+ Kh8 31. Rd4 Na6 32. Re4 Rb1 33. Re8 Kg7 34. Bf2 Rxb2 35. Bd4 Rd2 36. Nxh5+ Kg8 37. Nf6+ Kg7 38. Be3 Rd3 39. Bf1 Ra3 40. Bd4 Ra2+ 41. Kg3 Rd2 42. Be3 1-0


[Site "https://www.chess.com"]

[Event "Titled Tuesday Blitz February 28 Late 2023"]
[White "Dardha, Daniel"]
[Black "Di Nicolantonio, Lucas"]
[WhiteFideId "240990"]
[BlackFideId "680460"]
[WhiteElo "2581"]
[BlackElo "2358"]
[Result "1-0"]
[Round "03"]
[TimeControl "180+2"]
[Date "2023.02.28"]
[WhiteClock "0:00:20"]
[BlackClock "0:00:03"]

1. d4 g6 2. c4 Bg7 3. Nf3 d6 4. Nc3 c6 5. e4 a6 6. Be3 Nf6 7. h3 O-O 8. Be2 b5 9. e5 Nfd7 10. exd6 exd6 11. O-O Re8 12. Re1 Nf6 13. a3 Bf5 14. d5 c5 15. cxb5 Ne4 16. Qc1 Nxc3 17. bxc3 Be4 18. Ng5 Bxd5 19. Rd1 Bb3 20. Qb2 Bxd1 21. Rxd1 Rxe3 22. Nxf7 Kxf7 23. Bc4+ Re6 24. Qe2 Qe7 25. Qf3+ Bf6 26. Qxa8 Nd7 27. bxa6 Nb6 28. Bxe6+ Kxe6 29. Qb7 Qxb7 30. axb7 Nd7 31. a4 d5 32. Rb1 Be5 33. a5 Bb8 34. a6 Kd6 35. f4 Kc6 36. g4 Ba7 37. f5 gxf5 38. gxf5 Kc7 39. Rd1 Nf6 40. Re1 Ne4 41. c4 Nf6 42. Re6 Ne4 43. cxd5 c4+ 44. Kg2 Nd6 45. f6 c3 46. Re2 Nf7 47. Rc2 Bd4 48. Kf3 Ne5+ 49. Ke4 1-0


[Site "https://www.chess.com"]

[Event "Titled Tuesday Blitz February 28 Late 2023"]
[White "Hansen, Eric"]
[Black "Berezin, Viktor"]
[WhiteFideId "2606771"]
[BlackFideId "14107872"]
[WhiteElo "2569"]
[BlackElo "2310"]
[Result "1/2-1/2"]
[Round "03"]
[TimeControl "180+2"]
[Date "2023.02.28"]
[WhiteClock "0:00:07"]
[BlackClock "0:00:12"]

1. e4 g6 2. d4 Bg7 3. c3 d6 4. Nf3 Nf6 5. Bd3 Bg4 6. O-O Nc6 7. Nbd2 e5 8. h3 Bxf3 9. Nxf3 O-O 10. Re1 Re8 11. Bd2 d5 12. exd5 Nxd5 13. dxe5 Nxe5 14. Nxe5 Rxe5 15. Rxe5 Bxe5 16. Be4 c6 17. Qf3 Qf6 18. Re1 Nf4 19. h4 Rd8 20. Bc1 Ne6 21. g3 h5 22. Qxf6 Bxf6 23. Bxg6 fxg6 24. Rxe6 Rd1+ 25. Kg2 Kf7 26. Rxf6+ Kxf6 27. Be3 Kf5 28. Bxa7 Ra1 29. b4 Rxa2 30. Bd4 Rc2 31. Kf3 Ra2 32. Bg7 Rc2 33. Bd4 b6 34. Ke3 c5 35. bxc5 bxc5 36. Kd3 Ra2 37. Bxc5 Ra8 38. c4 Rc8 39. Be3 Ke6 40. Kd4 Kd6 41. Bf4+ Kc6 42. Be3 Kd6 43. Bf4+ Kc6 44. Ke5 Kc5 45. Kf6 Rc6+ 46. Kg5 Kxc4 47. Be5 Kd5 48. Bf6 Ke4 49. f4 Kf3 50. f5 gxf5 51. Be5 Rc5 52. Bf4 Rc1 53. Kxh5 Rg1 54. Kg5 Rxg3+ 55. Bxg3 Kxg3 56. h5 f4 57. h6 f3 58. h7 f2 59. h8=Q f1=Q 60. Qh4+ Kg2 61. Qg4+ Kf2 62. Qf4+ Ke1 63. Qxf1+ Kxf1 1/2-1/2


[Site "https://www.chess.com"]

[Event "Titled Tuesday Blitz February 28 Late 2023"]
[White "Pham, Khoi"]
[Black "Zhigalko, Sergei"]
[WhiteFideId "1054988"]
[BlackFideId "13502956"]
[WhiteElo "2549"]
[BlackElo "2626"]
[Result "1-0"]
[Round "03"]
[TimeControl "180+2"]
[Date "2023.02.28"]
[WhiteClock "0:00:13"]
[BlackClock "0:00:02"]

1. e4 c5 2. Nf3 Nc6 3. d4 cxd4 4. Nxd4 Nf6 5. Nc3 e5 6. Ndb5 d6 7. Bg5 a6 8. Na3 b5 9. Nd5 Be7 10. Bxf6 Bxf6 11. c3 Bg5 12. Nc2 Ne7 13. a4 bxa4 14. Rxa4 Nxd5 15. Qxd5 Be6 16. Qd1 Qb6 17. Nb4 a5 18. Nd5 Qxb2 19. Bb5+ Kf8 20. Bc4 Bxd5 21. Qxd5 Qxc3+ 22. Ke2 Ra7 23. Qxd6+ Re7 24. Qd8+ Re8 25. Qd5 Re7 26. Rxa5 g6 27. h4 Bd2 28. Ra8+ Kg7 29. Rxh8 Ra7 30. Rd8 Bf4 31. Qd3 Qb2+ 32. Kf3 Ra3 33. g3 Bh6 34. Rd1 Rxd3+ 35. R1xd3 Qc2 36. Rc8 Bd2 37. Rd7 Kh6 38. Rxf7 Qd1+ 39. Kg2 Qc2 40. Rcc7 g5 41. Rxh7+ Kg6 42. Rhg7+ Kf6 43. Rcf7# 1-0


[Site "https://www.chess.com"]

[Event "Titled Tuesday Blitz February 28 Late 2023"]
[White "Mendez Fortes, Eduardo Jesus"]
[Black "Madaminov, Mukhiddin"]
[WhiteFideId "3502376"]
[BlackFideId "14210703"]
[WhiteElo "2307"]
[BlackElo "2511"]
[Result "0-1"]
[Round "03"]
[TimeControl "180+2"]
[Date "2023.02.28"]
[WhiteClock "0:00:03"]
[BlackClock "0:00:27"]

1. e4 e5 2. Nf3 Nc6 3. Bb5 a6 4. Ba4 Nf6 5. O-O Nxe4 6. d4 b5 7. Bb3 d5 8. dxe5 Be6 9. c3 Be7 10. Nbd2 O-O 11. Bc2 f5 12. Nb3 Qd7 13. Nfd4 Nxd4 14. Nxd4 c5 15. Nxe6 Qxe6 16. f3 Ng5 17. Bxg5 Bxg5 18. f4 Be7 19. Qf3 c4 20. Kh1 g6 21. h3 Bc5 22. Rad1 Rad8 23. Rd2 Rd7 24. b3 Rfd8 25. Rfd1 Kg7 26. g4 fxg4 27. hxg4 d4 28. bxc4 bxc4 29. cxd4 Bxd4 30. Qe4 Bc3 31. Rxd7+ Rxd7 32. Rxd7+ Qxd7 33. Qxc4 Qd2 34. Qe4 Bd4 35. Qb7+ Kh6 36. g5+ Kh5 37. Qf3+ Kh4 38. Be4 Qe1+ 39. Kh2 Qg1# 0-1


[Site "https://www.chess.com"]